 Dungeon Crawl Stone Soup version 0.31-a0-152-g6aa68a64a1 (webtiles) character file.

Game seed: 16844481597707522145

129 qw the Shooter (level 4, -1/40 HPs)
             Began as a Minotaur Hunter on June 9, 2023.
             Slain by a scorpion (5 damage)
             ... on level 4 of the Dungeon.
             The game lasted 00:00:54 (3027 turns).

qw the Shooter (Minotaur Hunter)                    Turns: 3027, Time: 00:00:54

Health: -1/40      AC:  7    Str: 14 (15) XL:     4   Next: 88%
Magic:  3/3        EV: 11    Int:  5 (6)  God:
Gold:   222        SH:  0    Dex: 16      Spells: 3/3 levels left

rFire   . . .        Y - +0 shortbow
rCold   . . .        (shield currently unavailable)
rNeg    . . .        n - +0 ring mail
rPois   .            (helmet restricted)
rElec   .            (no cloak)
rCorr   +            c - +1 pair of gloves
SInv    .            (no boots)
Will    .....        (no amulet)
Stlth   +            b - ring of resist corrosion
HPRegen 0.26/turn    (no ring)
MPRegen 0.08/turn

%: no passive effects
@: about to teleport
A: horns 2, retaliatory headbutt
a: no special abilities


You were on level 4 of the Dungeon.
You visited 1 branch of the dungeon, and saw 5 of its levels.

You collected 222 gold pieces.


Innate Abilities, Weirdness & Mutations

You have a pair of horns on your head.
You reflexively headbutt those who attack you in melee.


   Skills:
 - Level 4.2 Fighting
 + Level 6.0 Ranged Weapons
 - Level 1.0 Armour
 - Level 2.1 Dodging
 - Level 0.7 Stealth


You had 3 spell levels left.
You didn't know any spells.
Your spell library was empty.

Inventory:

Hand Weapons
 Y - a +0 shortbow (weapon)
Armour
 c - a +1 pair of gloves (worn)
 n - a +0 ring mail (worn)
Jewellery
 b - a ring of resist corrosion (left hand)
Scrolls
 g - 4 scrolls of identify
Potions
 h - a potion of heal wounds

Dungeon Overview and Level Annotations

Branches:
Dungeon (5/15)
 Temple: D:4-7

Altars:
Sif Muna
Vehumet
Yredelemnul


Message History

You are poisoned.
The scorpion poisons you! The orc hits you with a +0 club.
Something hits you but does no damage.
Deactivating autopickup; reactivate with Ctrl-A.
You feel your strength returning.
Your Fighting skill increases to level 4!
In your confused state, you trip and fall back down the stairs.
You feel very sick.
The centaur shoots an arrow.
The arrow hits you but does no damage. The scorpion stings you.
The orc hits you but does no damage. Something hits you but does no damage.
3022 ||| STAIRDANCE You feel very sick.
The centaur shoots an arrow.
The arrow hits you.
The scorpion stings you but does no damage.
The orc closely misses you. Something hits you but does no damage.
In your confused state, you trip and fall back down the stairs.
You feel sick.
The centaur shoots an arrow.
The arrow hits you.
The scorpion stings you but does no damage.
The orc completely misses you.
You hear some strange, mumbled words.
Something tries to affect you, but you resist.
The scorpion stings you but does no damage.
3024 ||| DRINKING potion of curing.
You feel better.
3024 ||| (to cure confusion)
The scorpion misses you. The orc misses you. Something hits you.
3025 ||| STAIRDANCE The centaur unwields a +0 shortbow.
The centaur hits you. The centaur misses you. The scorpion stings you.
The centaur hits you but does no damage.
The centaur barely misses you. The orc misses you. You furiously retaliate!
You headbutt the orc. Something hits you but does no damage.
You climb upwards.
Reactivating autopickup.
There is a stone staircase leading down here.
3027 ||| READING scroll of teleportation.
As you read the scroll of teleportation, it crumbles to dust.
You feel strangely unstable. The scorpion stings you.
You die...

###........#####.#...#####
####.#....#....#.......#
#.#....#)####.......#
#......#.# #.......#
##...<...# ##......# #####
#......## #......# ....#
#......# #......# ....#
##.s..## #......# ....#
#.c@o# #......# ....#
#....# #......# ..<.#
#....# #......# ....#
#....# #......# ....#
#....# #......# ##.##
#....# #......# ##.#
#....# #......# ...#
###### ######## ####


You could see a centaur, a scorpion and an orc.

Vanquished Creatures
  An iguana (D:4)
  3 adders (D:2)
  A worm (D:2)
  3 dart slugs
  2 orcs (D:5)
  A bat (D:3)
  3 endoplasms
  5 giant cockroaches
  3 goblins
  4 hobgoblins
  4 jackals (D:1)
  4 kobolds
  3 quokkas
  5 ball pythons
  2 frilled lizards (D:1)
  7 rats
51 creatures vanquished.

Vanquished Creatures (others)
  An orc wizard (D:5)
1 creature vanquished.

Grand Total: 52 creatures vanquished

Notes
Turn   | Place    | Note
-------+----------+-------------------------------------------
     0 | D:1      | qw the Minotaur Hunter began the quest for the Orb.
     0 | D:1      | Reached XP level 1. HP: 18/18 MP: 0/0
     0 | D:1      | 0 ||| qw: Version: 0.2-a-122-gbc61b45
     0 | D:1      | 0 ||| qw: Game counter: 3293
     0 | D:1      | 0 ||| qw: Always use a shield: true
     0 | D:1      | 0 ||| qw: God list: Okawaru
     0 | D:1      | 0 ||| qw: Allow faded altars: false
     0 | D:1      | 0 ||| qw: Do Orc after D:15 true
     0 | D:1      | 0 ||| qw: Do second Lair branch before Depths: true
     0 | D:1      | 0 ||| qw: Lair rune preference: random
     0 | D:1      | 0 ||| qw: Plans: Normal
     0 | D:1      | 0 ||| PLANNING D:1-11
    86 | D:1      | Reached XP level 2. HP: 25/25 MP: 1/1
   128 | D:1      | Reached skill level 5 in Ranged Weapons
   291 | D:1      | Reached skill level 3 in Fighting
   543 | D:1      | 543 ||| UPGRADING to +0 ring mail.
   553 | D:1      | 553 ||| DROPPING +0 leather armour.
   554 | D:1      | 554 ||| READING scroll labelled HIMPED ZAOP.
   555 | D:1      | 555 ||| READING scroll labelled MUHIEGRIAN.
   656 | D:1      | 656 ||| READING scroll labelled MURAGA UMUTEUWA.
   703 | D:1      | 703 ||| READING 2 scrolls labelled TUMISUSUWN.
   704 | D:1      | 704 ||| READING scroll labelled WOCAH YHEENTE.
   708 | D:1      | 708 ||| READING scroll labelled ZERHIQ LIASYJ.
   709 | D:1      | 709 ||| DRINKING 2 viscous dark potions.
   710 | D:1      | 710 ||| DROPPING scroll of butterflies.
   711 | D:1      | 711 ||| DROPPING potion of degeneration.
   829 | D:2      | Reached skill level 1 in Armour
   873 | D:2      | Reached XP level 3. HP: 31/31 MP: 2/2
  1254 | D:2      | Found a faded altar of an unknown god.
  1344 | D:2      | Found a basalt altar of Yredelemnul.
  1400 | D:2      | 1400 ||| UPGRADING to ring of resist corrosion.
  1401 | D:2      | 1401 ||| READING scroll labelled AQENGE POGEOMOAWU.
  1402 | D:2      | 1402 ||| READING scroll labelled YSIYCR EGYU.
  1403 | D:2      | 1403 ||| DRINKING 3 purple potions.
  1404 | D:2      | 1404 ||| READING 2 scrolls of identify.
  1404 | D:2      | 1404 ||| IDENTIFYING murky emerald potion
  1405 | D:2      | 1405 ||| DROPPING 2 potions of brilliance.
  1407 | D:2      | 1407 ||| Stepping ~*~*~tactically~*~*~ (cloud).
  1527 | D:3      | Found a radiant altar of Vehumet.
  1676 | D:3      | Reached XP level 4. HP: 38/38 MP: 3/3
  2225 | D:3      | 2225 ||| UPGRADING to +0 pair of gloves.
  2230 | D:3      | 2230 ||| READING scroll labelled NOGACY LAASS.
  2231 | D:3      | 2231 ||| DRINKING 2 fizzy cyan potions.
  2284 | D:4      | 2284 ||| READING scroll of enchant armour.
  2284 | D:4      | 2284 ||| ENCHANTING +0 pair of gloves.
  2437 | D:4      | Found a shimmering blue altar of Sif Muna.
  2437 | D:4      | Found a basalt altar of Yredelemnul.
  2528 | D:4      | Reached skill level 6 in Ranged Weapons
  3003 | D:4      | 3003 ||| READING scroll labelled BARUVA NAEVU.
  3006 | D:5      | Entered Level 5 of the Dungeon
  3012 | D:5      | Noticed a scorpion
  3016 | D:5      | 3016 ||| STAIRDANCE
  3017 | D:5      | Noticed a centaur
  3018 | D:5      | 3018 ||| STAIRDANCE
  3020 | D:5      | 3020 ||| STAIRDANCE
  3022 | D:5      | 3022 ||| STAIRDANCE
  3023 | D:5      | HP: 10/40 [poisoned by a scorpion]
  3023 | D:5      | HP: 4/40 [centaur/arrow (6)]
  3024 | D:5      | 3024 ||| DRINKING potion of curing.
  3024 | D:5      | 3024 ||| (to cure confusion)
  3025 | D:5      | 3025 ||| STAIRDANCE
  3027 | D:4      | 3027 ||| READING scroll of teleportation.
  3027 | D:4      | Slain by a scorpion

Levels and vault maps discovered:
D:1:      saegor_arrival_simple_e, layout_basic, glass_columns_a,
          serial_bayou_pond_d
D:2:      layout_loops_cross, dreamdust_ecumenical_altar_statues, basic_altar
D:3:      layout_loops_corners, nicolae_vehumet_altar_sigil,
          hangedman_decor_slide_cut
D:4:      layout_basic, gammafunk_temple_overflow_statue, minmay_crystal_water
D:5:      layout_cave_pools, zin_treasury, makhleb_grotto_becter,
          lemuel_tele_altar, kennysheep_big_empty_room, uniq_edmund,
          uniq_blork_the_orc, uniq_crazy_yiuf_cottage

Skill      XL: |  1  2  3  4 |
---------------+-------------+-----
Ranged Weapons | 5 6 |  6.0
Fighting       | 3 4 |  4.2
Armour         | 1 |  1.0
Dodging        | |  2.1
Stealth        | |  0.7

Action                     |  1- 3 |  4- 6 || total
---------------------------+-------+-------++-------
   Fire: Shortbow          |   100 |    50 ||   150
    Use: Scroll            |     9 |     4 ||    13
         Potion            |     2 |     2 ||     4
 Armour: Ring mail         |     7 |    27 ||    34
         Leather armour    |     2 |       ||     2
  Dodge: Dodged            |    28 |    20 ||    48

Table legend:
 A = Non-vault XP
 B = Vault XP
 C = Vault XP percentage of total XP
 D = Non-vault monster count
 E = Vault monster count
 F = Vault count percentage of total count
                 A         B        C        D         E       F
            +---------+---------+-------+---------+---------+-------
      Total |     185 |       0 |   0.0 |      52 |       0 |   0.0
            +---------+---------+-------+---------+---------+-------
        D:1 |      30 |       0 |   0.0 |      18 |       0 |   0.0
        D:2 |      60 |       0 |   0.0 |      15 |       0 |   0.0
        D:3 |      17 |       0 |   0.0 |       8 |       0 |   0.0
        D:4 |      51 |       0 |   0.0 |       8 |       0 |   0.0
        D:5 |      27 |       0 |   0.0 |       3 |       0 |   0.0
            +---------+---------+-------+---------+---------+-------
